[Event "Team 45 45 League T72"]
[Site "Internet Chess Club"]
[Date "2017.04.02"]
[Round "3"]
[White "AVEMARIA"]
[Black "Fianchettoed"]
[Result "0-1"]
[WhiteElo "1696"]
[BlackElo "1754"]
[Opening "KP: Nimzovich defense"]
[ECO "B00"]
[Time "13:00:39"]
[TimeControl "2700+45"]

1. e4 Nc6 2. Nf3 d6 3. d4 Nf6 4. Nc3 Bg4 5. Be3 e6 6. h3 Bxf3 7. Qxf3 Be7 8. Bb5
O-O 9. O-O d5 10. e5 Nd7 11. Bxc6 bxc6 12. Qg3 f6 13. Ne2 fxe5 14. dxe5 Rf7 15.
Nd4 Nf8 16. Nxc6 Qd7 17. Nxe7+ Qxe7 18. a3 c5 19. f4 d4 20. Bd2 Rb8 21. Rab1 Qd7
22. Qd3 Qd5 23. b3 Rfb7 24. Rbe1 Rc8 25. f5 exf5 26. Rxf5 Ne6 27. Ref1 Rf8 28.
c4 Qc6 29. Rxf8+ Nxf8 30. b4 Ne6 31. b5 Qe8 32. Qe4 Qd7 33. a4 Rb8 34. a5 Rd8
35. Qg4 Qe7 36. b6 axb6 37. axb6 Rb8 38. Ba5 Nd8 39. Qe4 Rb7 40. Qd5+ Ne6 41.
Qc6 Nd8 42. Qc8 h6 43. e6 Kh7 44. Rf8 Qxf8 {White forfeits on time} 0-1

[Event "Team 45 45 League T72"]
[Site "Internet Chess Club"]
[Date "2017.03.29"]
[Round "3"]
[White "KnightmanAJ"]
[Black "az2112"]
[Result "1-0"]
[WhiteElo "1446"]
[BlackElo "1638"]
[Opening "Sicilian: dragon, Yugoslav attack, 7...O-O"]
[ECO "B76"]
[Time "22:00:41"]
[TimeControl "2700+45"]

1. e4 c5 2. Nf3 d6 3. d4 cxd4 4. Nxd4 Nf6 5. Nc3 g6 6. Be3 Bg7 7. f3 O-O 8. Qd2
a6 9. O-O-O b5 10. a3 Nbd7 11. g4 Ne5 12. h4 h5 13. gxh5 Nxh5 14. Rg1 Qa5 15.
Kb1 Bb7 16. Nd5 Qd8 17. Bh6 Rc8 18. Bxg7 Nxg7 19. Qh6 Bxd5 20. exd5 Qc7 21. Bd3
Nxd3 22. Rxd3 Qc5 23. h5 Nf5 24. Qd2 Nxd4 25. Rxd4 e5 26. Rdg4 Rc7 27. hxg6 fxg6
28. Rxg6+ Kf7 29. Qg5 Ke8 30. Re6+ {Black resigns} 1-0

[Event "Team 45 45 League T72"]
[Site "Internet Chess Club"]
[Date "2017.04.03"]
[Round "3"]
[White "ChessMaine"]
[Black "yuanbao2007"]
[Result "1-0"]
[WhiteElo "1472"]
[BlackElo "1152"]
[Opening "Queen's pawn: stonewall attack"]
[ECO "D00"]
[Time "20:01:34"]
[TimeControl "2700+45"]

1. d4 d5 2. e3 Nf6 3. Bd3 Nbd7 4. f4 c5 5. c3 e6 6. Nd2 c4 7. Bc2 b5 8. Ngf3 a5
9. O-O Bd6 10. Ne5 Qc7 11. Rf3 O-O 12. Rh3 Ne8 13. Bxh7+ Kh8 14. Bg6+ Kg8 15.
Rh8+ Kxh8 16. Qh5+ Kg8 17. Qh7# {Black checkmated} 1-0

[Event "Team 45 45 League T72"]
[Site "Internet Chess Club"]
[Date "2017.04.02"]
[Round "3"]
[White "Uku"]
[Black "seattleblues"]
[Result "1-0"]
[WhiteElo "1245"]
[BlackElo "1315"]
[Opening "Caro-Kann: advance variation"]
[ECO "B12"]
[Time "20:00:27"]
[TimeControl "2700+45"]

1. e4 c6 2. d4 d5 3. e5 Bf5 4. f4 e6 5. Bd3 Bxd3 6. Qxd3 Nh6 7. Nc3 Be7 8. Bd2
Nf5 9. Nf3 c5 10. Be3 Nc6 11. Ne2 cxd4 12. Nfxd4 Ncxd4 13. Nxd4 Nxe3 14. Qxe3
Bc5 15. O-O-O Qa5 16. Kb1 b5 17. Rd3 b4 18. Rb3 Rb8 19. c3 Qb6 20. Rc1 a5 21. a4
Qc7 22. c4 Qd7 23. cxd5 Qxd5 24. g3 Qxd4 25. Rxc5 Qxe3 26. Rxe3 Ra8 27. Rd3 O-O
28. b3 h6 29. Rd6 Rfe8 30. Rd7 Kf8 31. Rcc7 Rec8 32. Rxf7+ Ke8 33. Rfe7+ Kf8 34.
Rf7+ Ke8 35. Rxg7 Rxc7 36. Rxc7 Kd8 37. Rc6 Kd7 38. Rd6+ Ke7 39. Kb2 h5 40. h3
Rc8 41. Rd3 Rg8 42. Kc2 Rc8+ 43. Kd2 Rg8 44. Ke2 {Black resigns} 1-0

[Event "Team 45 45 League T72"]
[Site "Internet Chess Club"]
[Date "2017.04.03"]
[Round "3"]
[White "clarinetref"]
[Black "noblitz-oblige"]
[Result "1-0"]
[WhiteElo "1572"]
[BlackElo "1458"]
[Opening "Scotch game"]
[ECO "C45"]
[Time "09:34:14"]
[TimeControl "2700+45"]

1. e4 e5 2. Nf3 Nc6 3. d4 exd4 4. Nxd4 d6 5. Be3 Nf6 6. Nc3 Be7 7. Be2 O-O 8.
Qd2 Ng4 9. Bxg4 Bxg4 10. h3 Bd7 11. O-O-O Ne5 12. Qe2 a6 13. f4 Nc6 14. Nf3 b5
15. g4 Re8 16. Nd5 Bf8 17. Qd3 Na5 18. e5 c6 19. Bb6 Qb8 20. Bxa5 cxd5 21. Ng5
g6 22. Qxd5 Be6 23. Nxe6 Rxe6 24. Bc7 Qa7 25. Bxd6 Rd8 26. f5 Ree8 27. Qg2 Qe3+
28. Kb1 Bh6 29. Rhe1 Qf4 30. Rf1 Qc4 31. g5 Bg7 32. f6 Bf8 33. Bxf8 Kxf8 34.
Rxd8 Rxd8 35. Re1 Qf4 36. Qb7 Qd2 37. Qe7+ Kg8 38. Rc1 Rf8 39. e6 Qxg5 40. exf7+
Rxf7 41. Qe8+ Rf8 42. Qe6+ Kh8 43. Qxa6 Rxf6 44. Qc8+ Kg7 45. Qd7+ Rf7 46. Qd4+
Kg8 47. h4 Qf5 48. a3 Rd7 49. Qc3 Qf4 50. Qb3+ Rf7 51. h5 g5 52. Qxb5 g4 53.
Qe8+ Kg7 54. Re1 Qc4 55. Qe5+ Kf8 56. Qh8# {Black checkmated} 1-0

[Event "Team 45 45 League T72"]
[Site "Internet Chess Club"]
[Date "2017.04.02"]
[Round "3"]
[White "chesskix"]
[Black "kutch"]
[Result "0-1"]
[WhiteElo "1439"]
[BlackElo "1540"]
[Opening "Réti opening"]
[ECO "A04"]
[Time "15:00:41"]
[TimeControl "2700+45"]

1. Nf3 b6 2. c4 Bb7 3. Nc3 e6 4. d3 Bb4 5. Bd2 Nf6 6. g3 Bxf3 7. exf3 Nc6 8. Bg2
Nd4 9. O-O O-O 10. Be3 Nf5 11. Ne4 Qe7 12. a3 Nxe3 13. fxe3 Bd6 14. Nxd6 Qxd6
15. b4 c6 16. Rc1 Qc7 17. e4 d5 18. cxd5 exd5 19. exd5 Nxd5 20. Re1 Rfe8 21. f4
Qd7 22. Be4 f5 23. Bxd5+ Qxd5 24. Rxe8+ Rxe8 25. Qf1 Re3 26. Rd1 Qd4 27. Kg2
Qb2+ 28. Kh3 Qxa3 29. Ra1 Qxd3 30. Qxd3 Rxd3 31. Rxa7 Rb3 32. Ra8+ Kf7 33. Rc8
Rxb4 34. Rxc6 h6 35. Rc2 b5 36. Kg2 Rb1 37. h4 h5 38. Kf2 b4 39. Rc7+ Kg6 40.
Rc6+ Kh7 41. Rc5 g6 42. Rc7+ Kh6 43. Rc8 b3 44. Rh8+ Kg7 45. Rb8 b2 46. Rb7+ Kh6
47. Rb6 Rh1 {White resigns} 0-1

[Event "Team 45 45 League T72"]
[Site "Internet Chess Club"]
[Date "2017.04.01"]
[Round "3"]
[White "sdcohle"]
[Black "Bible-Believer"]
[Result "0-1"]
[WhiteElo "1423"]
[BlackElo "1423"]
[Opening "QGD: Tartakower (Makagonov-Bondarevsky) system"]
[ECO "D58"]
[Time "18:02:45"]
[TimeControl "2700+45"]

1. d4 Nf6 2. c4 e6 3. Bg5 Be7 4. Nc3 d5 5. e3 O-O 6. Nf3 h6 7. Bh4 b6 8. Be2 Bb7
9. cxd5 Nxd5 10. Bxe7 Qxe7 11. Rc1 Na6 12. Nxd5 exd5 13. O-O Rac8 14. a3 c5 15.
Qa4 c4 16. Qd1 Nc7 17. Rc3 Nb5 18. Rc2 Nd6 19. Nd2 Bc6 20. Qb1 Bd7 21. Bf3 Bf5
22. e4 dxe4 23. Re1 Qb7 24. Nxe4 Bxe4 25. Bxe4 Nxe4 26. Rce2 Nf6 27. Qc2 Rfe8
28. Re3 Rxe3 29. fxe3 Qe4 30. Qd1 Qd3 31. Qc1 Ne4 32. Rd1 Qe2 33. Rf1 Qd2 34.
Qxd2 Nxd2 35. Rd1 Ne4 36. g3 b5 37. Kg2 a5 38. Kf3 f5 39. d5 Nd6 40. Kf4 Kf7 41.
g4 fxg4 42. Kxg4 Kg6 43. Kf4 Rf8+ 44. Ke5 Rf6 45. e4 b4 46. axb4 axb4 47. Kd4
Kf7 48. e5 Rf4+ 49. Kc5 Ne4+ 50. Kc6 c3 51. e6+ Ke7 52. d6+ Nxd6 53. bxc3 Rc4+
54. Kd5 Rxc3 55. Ke5 Nc4+ 56. Kd4 Kxe6 57. Rb1 Na3 58. Rxb4 Nc2+ 59. Kxc3 Nxb4
60. Kxb4 Kf5 61. Kc3 Kg4 62. Kd2 Kh3 63. Ke1 Kxh2 64. Kf1 Kg3 65. Kg1 g5 66. Kh1
h5 67. Kg1 h4 68. Kh1 h3 69. Kg1 g4 70. Kh1 Kf2 71. Kh2 g3+ 72. Kh1 g2+ 73. Kh2
g1=Q+ {White resigns} 0-1

[Event "Team 45 45 League T72"]
[Site "Internet Chess Club"]
[Date "2017.04.04"]
[Round "3"]
[White "kingsrook"]
[Black "Aquaman"]
[Result "0-1"]
[WhiteElo "1259"]
[BlackElo "1372"]
[Opening "Modern defense: Averbakh system"]
[ECO "A40"]
[Time "15:30:18"]
[TimeControl "2700+45"]

1. d4 g6 2. c4 Bg7 3. e4 d6 4. Nc3 Nd7 5. h3 c6 6. Nf3 e5 7. d5 Qc7 8. Be2 Ngf6
9. Be3 O-O 10. O-O Ne8 11. Qd2 f5 12. Bh6 f4 13. Bxg7 Nxg7 14. Rac1 Nf6 15. a4
Nfe8 16. Rfe1 Qe7 17. Bd3 a6 18. Ra1 g5 19. Be2 g4 20. hxg4 Bxg4 21. Nh2 Bxe2
22. Qxe2 Nf6 23. Rf1 Kh8 24. f3 Ngh5 25. Qf2 Ng3 26. Rfe1 Rg8 27. Nf1 Nfh5 28.
Ne2 Rg7 29. Nfxg3 Nxg3 30. Nxg3 Rxg3 31. Re2 Rag8 32. Qf1 Qh4 33. Rc1 Rh3 {White
resigns} 0-1

[Event "Team 45 45 League T72"]
[Site "Internet Chess Club"]
[Date "2017.04.01"]
[Round "3"]
[White "MarcB"]
[Black "AdithJosh"]
[Result "1-0"]
[WhiteElo "1708"]
[BlackElo "1647"]
[Opening "Sicilian: accelerated fianchetto, modern variation with Bc4"]
[ECO "B35"]
[Time "14:00:37"]
[TimeControl "2700+45"]

1. e4 c5 2. Nf3 g6 3. d4 cxd4 4. Nxd4 Bg7 5. Be3 Nc6 6. Nc3 Nf6 7. Bc4 Qa5 8. f3
O-O 9. Qd2 Qb4 10. Nxc6 bxc6 11. Bb3 Rd8 12. O-O-O Bb7 13. a3 Qa5 14. Kb1 Qc7
15. Bf4 Qa5 16. g4 Ne8 17. h4 Nc7 18. h5 Bxc3 19. bxc3 Nb5 20. hxg6 Nxc3+ 21.
Kb2 Nxd1+ 22. Qxd1 hxg6 23. Qd4 e5 24. Qxe5 Qxe5+ 25. Bxe5 Kf8 26. Bf6 {Black
resigns} 1-0

[Event "Team 45 45 League T72"]
[Site "Internet Chess Club"]
[Date "2017.04.02"]
[Round "3"]
[White "viktory"]
[Black "fireball"]
[Result "1-0"]
[WhiteElo "1643"]
[BlackElo "1567"]
[Opening "Budapest defense"]
[ECO "A52"]
[Time "14:32:54"]
[TimeControl "2700+45"]

1. d4 Nf6 2. c4 e5 3. dxe5 Ng4 4. e3 Nxe5 5. Ne2 Bb4+ 6. Bd2 Nbc6 7. Bxb4 Nxb4
8. Nf4 d6 9. Be2 Bf5 10. Qa4+ Nbc6 11. O-O a5 12. Nc3 O-O 13. Qd1 Qg5 14. Ncd5
Rac8 15. Qb3 b6 16. Bd3 Nf3+ 17. Kh1 Nd2 18. Qc2 Bxd3 19. Qxd3 Nxf1 20. Rxf1 Ne5
21. Qd4 Rfe8 22. Ne2 Nc6 23. Qc3 Qe5 24. Qc2 Ne7 25. Nef4 Nxd5 26. Nxd5 Re6 27.
h3 Qe4 28. Qc3 Rh6 29. Kg1 Kf8 30. Rd1 Qe5 31. Qc2 Qg5 32. Kh1 Qg6 33. Qc3 Qe4
34. Kg1 Qe6 35. Rd4 Qe5 36. Qc2 f5 37. Rf4 g6 38. e4 Kg7 39. exf5 gxf5 40. Rxf5
Qe1+ 41. Kh2 Re8 42. b3 Rg6 43. Qb2+ Re5 44. Nf4 Rh6 45. Nd3 Qe2 46. Qc3 Re6 47.
Nxe5 Rxe5 48. Qg3+ Kh6 49. Qg5# {Black checkmated} 1-0

[Event "Team 45 45 League T72"]
[Site "Internet Chess Club"]
[Date "2017.04.02"]
[Round "3"]
[White "Skeptic1972"]
[Black "Bizzy-Ketty"]
[Result "0-1"]
[WhiteElo "1585"]
[BlackElo "1571"]
[Opening "Sicilian: Grand Prix attack"]
[ECO "B23"]
[Time "14:15:55"]
[TimeControl "2700+45"]

1. e4 c5 2. Nc3 Nc6 3. f4 e6 4. Nf3 d5 5. exd5 exd5 6. d4 c4 7. g3 Nf6 8. Bg2
Bb4 9. O-O O-O 10. a3 Ba5 11. Ne5 Nxd4 12. Qxd4 Bb6 {White resigns} 0-1

[Event "Team 45 45 League T72"]
[Site "Internet Chess Club"]
[Date "2017.04.05"]
[Round "3"]
[White "zap2"]
[Black "VictorRed"]
[Result "1-0"]
[WhiteElo "1777"]
[BlackElo "1682"]
[Opening "Réti: Nimzovich-Larsen attack"]
[ECO "A06"]
[Time "05:04:17"]
[TimeControl "2700+45"]

1. Nf3 d5 2. b3 Nc6 3. Bb2 Bf5 4. d3 e6 5. Nbd2 Nf6 6. g3 Bc5 7. Bg2 Qe7 8. a3
O-O 9. c4 dxc4 10. Nxc4 Rad8 11. O-O Nd7 12. b4 Bd6 13. b5 Ncb8 14. Nxd6 cxd6
15. Nh4 Nf6 16. Nxf5 exf5 17. a4 Rfe8 18. e3 d5 19. Qf3 Qe6 20. Rfc1 Re7 21. Rc2
Nbd7 22. a5 b6 23. Rc6 Ne5 24. Bxe5 Qxe5 25. d4 Qb8 26. axb6 axb6 27. Qxf5 Ne4
28. Bxe4 dxe4 29. Ra6 Red7 30. Qxe4 Rd5 31. Rcxb6 Qc8 32. Qe7 Qc1+ 33. Kg2 R5d7
34. Qxd7 {Black resigns} 1-0

[Event "Team 45 45 League T72"]
[Site "Internet Chess Club"]
[Date "2017.04.02"]
[Round "3"]
[White "idjit"]
[Black "QuieroAprender"]
[Result "1-0"]
[WhiteElo "1579"]
[BlackElo "1561"]
[Opening "Vienna game"]
[ECO "C25"]
[Time "20:43:22"]
[TimeControl "2700+45"]

1. e4 e5 2. Nc3 Bc5 3. Bc4 Nf6 4. d3 O-O 5. Nf3 d6 6. Ne2 Bg4 7. Ng3 Nc6 8. c3
h6 9. O-O Na5 10. Bb3 Nxb3 11. axb3 a6 12. h3 Bd7 13. Bd2 Re8 14. Qe2 d5 15.
exd5 Nxd5 16. Nxe5 f6 17. Qf3 c6 18. Nxd7 Qxd7 19. Ne4 Bb6 20. Rfe1 Rad8 21. c4
Ne7 22. Bxh6 f5 23. Qg3 g6 24. Nf6+ {Black resigns} 1-0

[Event "Team 45 45 League T72"]
[Site "Internet Chess Club"]
[Date "2017.03.29"]
[Round "3"]
[White "armand068new"]
[Black "Kingofknights"]
[Result "1-0"]
[WhiteElo "1560"]
[BlackElo "1490"]
[Opening "Queen's pawn game"]
[ECO "D04"]
[Time "18:33:52"]
[TimeControl "2700+45"]

1. d4 d5 2. e3 Nf6 3. Nf3 Bg4 4. c4 c6 5. Nc3 e6 6. cxd5 exd5 7. Be2 Nbd7 8. Ne5
Bxe2 9. Qxe2 Nxe5 10. dxe5 Nd7 11. f4 Be7 12. O-O Qc7 13. Bd2 O-O-O 14. Rac1 Kb8
15. Nxd5 cxd5 16. Rxc7 Kxc7 17. Rc1+ Kb8 18. Qb5 Nb6 19. Ba5 {Black resigns} 1-0

[Event "Team 45 45 League T72"]
[Site "Internet Chess Club"]
[Date "2017.04.02"]
[Round "3"]
[White "cityprosecutor"]
[Black "Zugzwanged"]
[Result "0-1"]
[WhiteElo "1698"]
[BlackElo "1685"]
[Opening "Réti: King's Indian attack, French variation"]
[ECO "C00"]
[Time "16:11:40"]
[TimeControl "2700+45"]

1. e4 e6 2. d3 d5 3. Nd2 Nf6 4. Ngf3 c5 5. g3 Nc6 6. Bg2 Be7 7. O-O O-O 8. Re1
b5 9. e5 Nd7 10. Nf1 Bb7 11. Qe2 Qc7 12. Bf4 d4 13. h4 Nb6 14. Ng5 h6 15. Ne4
Nd5 16. Qg4 Nxf4 17. gxf4 Qd8 18. Nfg3 Kh8 19. Nh5 Rg8 20. Kh2 Nb4 21. Nd6 Bxd6
22. Bxb7 Rb8 23. Rg1 Rxb7 24. exd6 g6 25. Ng3 Qxd6 26. Ne4 Qe7 27. a3 Nd5 28.
Ng3 f5 29. Qf3 Qxh4+ 30. Kg2 Qxf4 31. Qe2 Re7 32. Rh1 Qg5 33. Qe5+ Qf6 34. Qd6
Rc7 35. Rxh6+ Kg7 36. Rah1 Qd8 37. Qe5+ Kf8 38. Rh8 Rg7 39. Kg1 Kf7 40. R8h6 Qc7
41. Qe1 Qf4 42. R1h4 Qg5 43. Kh1 Qe7 44. Qe5 Qf6 45. Qe1 Qg5 46. Qe5 Qc1+ 47.
Kh2 Qxc2 48. Kg1 Qxd3 49. Kh2 Qd2 50. Kg1 Qc1+ 51. Kh2 Qxb2 52. Kg1 Qc1+ 53. Kh2
d3 54. Qd6 d2 55. Nh5 d1=Q 56. Qd7+ Ne7 {White resigns} 0-1

[Event "Team 45 45 League T72"]
[Site "Internet Chess Club"]
[Date "2017.04.02"]
[Round "3"]
[White "Demachaeron"]
[Black "Constrictor"]
[Result "1/2-1/2"]
[WhiteElo "1591"]
[BlackElo "1567"]
[Opening "QGD Slav: Dutch variation"]
[ECO "D18"]
[Time "20:00:24"]
[TimeControl "2700+45"]

1. d4 c6 2. c4 d5 3. Nc3 Nf6 4. Nf3 dxc4 5. a4 Bf5 6. e3 e6 7. Bxc4 Bb4 8. O-O
O-O 9. Bd3 Bxd3 10. Qxd3 Bxc3 11. bxc3 c5 12. Qb5 cxd4 13. Qxb7 Nbd7 14. cxd4
Qa5 15. Bd2 Qh5 16. Qb5 Qxb5 17. axb5 Rfb8 18. Ra5 Nd5 19. Rc1 Rb7 20. g3 Nc7
21. Rc6 Nxb5 22. Ng5 Nf6 23. f3 h6 24. Nh3 Nd7 25. Nf2 Rc7 26. Rxc7 Nxc7 27. Bb4
Nd5 28. Bd2 N5b6 29. Nd1 Nc4 30. Ra2 Nxd2 31. Rxd2 Nb6 32. Kf2 a5 33. Ra2 Nd5
34. Ra3 Rc8 35. e4 Rc2+ 36. Ke1 Nb4 37. Nf2 Rc4 38. Rxa5 {Game drawn by mutual
agreement} 1/2-1/2

[Event "Team 45 45 League T72"]
[Site "Internet Chess Club"]
[Date "2017.04.01"]
[Round "3"]
[White "Hal2001"]
[Black "bradleyguo175"]
[Result "1-0"]
[WhiteElo "1578"]
[BlackElo "1582"]
[Opening "Sicilian: Grand Prix attack"]
[ECO "B23"]
[Time "08:05:35"]
[TimeControl "2700+45"]

1. e4 c5 2. Nc3 Nc6 3. f4 g6 4. Nf3 Bg7 5. Bb5 Nd4 6. O-O Nxb5 7. Nxb5 d6 8. Nc3
Nf6 9. Qe1 O-O 10. d3 Bd7 11. Qh4 b5 12. f5 b4 13. Ne2 Nh5 14. g4 Nf6 15. Bg5
Re8 16. Bxf6 Bxf6 17. Ng5 Bxg5 18. Qxg5 e6 19. f6 Kh8 20. Qh6 Rg8 21. Rf3 Qf8
22. Rh3 Qxh6 23. Rxh6 g5 24. e5 dxe5 25. Ng3 Rg6 26. Rxg6 hxg6 27. Ne4 Bc6 28.
Nxg5 Kg8 29. Re1 Rd8 30. Rxe5 Rd5 31. Rxd5 Bxd5 32. a3 bxa3 33. bxa3 Ba2 34. c3
Bb1 35. d4 cxd4 36. cxd4 Ba2 37. Kf2 Bd5 38. Ke3 a5 39. Kf4 Bb3 40. Ke5 Kf8 41.
Kd6 Ke8 42. Kc5 a4 43. Ne4 Bd5 44. Nd6+ Kf8 45. g5 Bb3 46. Kb4 Kg8 47. Nc8 Kf8
48. Nb6 Ke8 49. Nxa4 Bxa4 50. Kxa4 Kd7 51. Kb5 Kc7 52. Kc5 Kb7 53. a4 Ka6 54.
Kd6 Ka5 55. Ke7 Kxa4 56. Kxf7 Kb4 57. Kxe6 Kc4 58. d5 {Black resigns} 1-0

[Event "Team 45 45 League T72"]
[Site "Internet Chess Club"]
[Date "2017.04.01"]
[Round "3"]
[White "anishio"]
[Black "Gilguli"]
[Result "1-0"]
[WhiteElo "1669"]
[BlackElo "1343"]
[Opening "Latvian: Fraser defense"]
[ECO "C40"]
[Time "16:05:00"]
[TimeControl "2700+45"]

1. e4 e5 2. Nf3 f5 3. Nxe5 Nc6 4. Nxc6 dxc6 5. Nc3 fxe4 6. Nxe4 Bf5 7. Qe2 Be7
8. d3 Qd5 9. Bf4 O-O-O 10. g3 Nf6 11. Bg2 Qa5+ 12. c3 Nxe4 13. dxe4 Bg6 14. O-O
Rhe8 15. a4 h5 16. b4 Qb6 17. Be3 c5 18. bxc5 Bxc5 19. Rab1 Qd6 20. Qb5 Bb6 21.
a5 c6 22. Qb3 h4 23. axb6 hxg3 24. bxa7 gxh2+ 25. Kh1 Bxe4 26. Qxb7# {Black
checkmated} 1-0

[Event "Team 45 45 League T72"]
[Site "Internet Chess Club"]
[Date "2017.04.01"]
[Round "3"]
[White "Portola"]
[Black "fishhead"]
[Result "1/2-1/2"]
[WhiteElo "1778"]
[BlackElo "1683"]
[Opening "King's Indian: London system"]
[ECO "A48"]
[Time "19:00:50"]
[TimeControl "2700+45"]

1. d4 Nf6 2. Nf3 g6 3. Bf4 Nh5 4. Bg5 h6 5. Bh4 g5 6. Bg3 d6 7. e3 Bg7 8. c3 Nc6
9. Nbd2 Bg4 10. Qc2 Qd7 11. Bb5 a6 12. Bd3 b5 13. a3 e6 14. b4 Ne7 15. O-O Nf5
16. e4 Nhxg3 17. hxg3 Ne7 18. a4 O-O 19. axb5 axb5 20. Nb3 c6 21. Na5 Rfc8 22.
Rfb1 Qc7 23. Qb2 e5 24. dxe5 dxe5 25. Nb3 Rxa1 26. Rxa1 Rd8 27. Be2 Nc8 28. Nc5
Nb6 29. Qa2 Ra8 30. Qb2 Qb8 31. Ra2 Bf8 32. Rxa8 Qxa8 33. Nxe5 Bxe2 34. Qxe2
Qa1+ 35. Kh2 Qxc3 36. Ned3 Bxc5 37. bxc5 Nc4 38. e5 Kg7 39. f4 Qd4 40. f5 Qe3
41. Qf3 Qxf3 42. gxf3 h5 43. f4 g4 44. Nb4 Na5 45. Kg2 Kf8 46. f6 Ke8 47. Nd3
Nb3 48. Kf2 Nd4 49. Ke3 Nf5+ 50. Kf2 Kd7 51. Nb4 Nd4 52. Ke3 Nb3 53. Nd3 Ke6 54.
Ke4 Nd2+ 55. Ke3 Nf1+ 56. Kf2 Nd2 57. Ke3 Nc4+ 58. Ke4 Nd2+ {Game drawn by
mutual agreement} 1/2-1/2

[Event "Team 45 45 League T72"]
[Site "Internet Chess Club"]
[Date "2017.03.31"]
[Round "3"]
[White "milesotoole"]
[Black "rubo"]
[Result "0-1"]
[WhiteElo "1632"]
[BlackElo "1652"]
[Opening "Caro-Kann: Panov-Botvinnik attack"]
[ECO "B13"]
[Time "21:20:39"]
[TimeControl "2700+45"]

1. e4 c6 2. d4 d5 3. exd5 cxd5 4. c4 e6 5. Nc3 Be7 6. Nf3 Nc6 7. c5 Nf6 8. a3
O-O 9. Bd3 h6 10. O-O Bd7 11. Bd2 b6 12. b4 bxc5 13. bxc5 Rb8 14. Bf4 Ra8 15.
Rb1 Qa5 16. Bd2 Qc7 17. Nb5 Qc8 18. Qc2 a6 19. Nc3 Qc7 20. Na4 Rfb8 21. Nb6 Ra7
22. Rb2 Nxd4 23. Nxd4 Bxc5 24. Nxd7 Rxb2 25. Nxf6+ gxf6 26. Qxb2 Rb7 27. Qc2 Qb6
28. Rb1 Qxb1+ 29. Qxb1 Rxb1+ 30. Bxb1 Bxd4 31. Bxh6 Bb2 32. a4 Bc3 33. g4 a5 34.
f4 Bd2 35. h4 e5 36. Kf2 e4 37. Ba2 d4 38. g5 fxg5 39. fxg5 d3 40. Bxf7+ Kh7 41.
g6+ Kxh6 42. h5 e3+ {White resigns} 0-1

[Event "Team 45 45 League T72"]
[Site "Internet Chess Club"]
[Date "2017.03.30"]
[Round "3"]
[White "nosir"]
[Black "filmdirector"]
[Result "0-1"]
[WhiteElo "1494"]
[BlackElo "1493"]
[Opening "Torre attack (Tartakower variation)"]
[ECO "D03"]
[Time "19:49:17"]
[TimeControl "2700+45"]

1. d4 d5 2. Nf3 Nf6 3. Bg5 Bf5 4. c3 e6 5. Nbd2 Nbd7 6. e3 Bd6 7. Nh4 O-O 8.
Nxf5 exf5 9. Nf3 c6 10. Bd3 g6 11. O-O Qc7 12. Bxf6 Nxf6 13. h3 a5 14. Rc1 Qb6
15. Qc2 a4 16. a3 Rfe8 17. c4 dxc4 18. Bxc4 h6 19. Rb1 Kg7 20. Rfe1 Ne4 21. Nh4
Re7 22. Rbd1 Rae8 23. Rb1 Bb8 24. Red1 f4 25. Bd3 fxe3 26. fxe3 Qc7 27. Nf3 Ng5
28. h4 Nxf3+ 29. gxf3 Rxe3 30. Rf1 Qg3+ 31. Qg2 Rxd3 32. Qxg3 Bxg3 {White
resigns} 0-1

[Event "Team 45 45 League T72"]
[Site "Internet Chess Club"]
[Date "2017.04.02"]
[Round "3"]
[White "seattleblues"]
[Black "g8wrb"]
[Result "1/2-1/2"]
[WhiteElo "1336"]
[BlackElo "1277"]
[Opening "Bogo-Indian defense, Nimzovich variation"]
[ECO "E11"]
[Time "05:34:15"]
[TimeControl "2700+45"]

1. d4 e6 2. Nf3 Nf6 3. c4 Bb4+ 4. Bd2 Qe7 5. Nc3 b6 6. e3 Bb7 7. Be2 O-O 8. O-O
c5 9. a3 cxd4 10. exd4 Bd6 11. Nb5 Nc6 12. Nxd6 Qxd6 13. Be1 Rac8 14. Rc1 Rfe8
15. c5 bxc5 16. dxc5 Qxd1 17. Rxd1 Nd5 18. Bd2 Nce7 19. b4 a5 20. Ng5 axb4 21.
axb4 Ra8 22. Ra1 Nf5 23. Ne4 Nxb4 24. Bxb4 Bxe4 25. Rfd1 Nd4 26. Rxa8 Nxe2+ 27.
Kf1 Rxa8 28. Kxe2 Bc6 29. f3 Ra4 30. Bd2 Kf8 31. Rb1 Ra8 32. Bf4 f6 33. Rb8+
Rxb8 34. Bxb8 e5 35. Ba7 Ke7 36. Ke3 d6 37. Bb6 dxc5 38. Bxc5+ Ke6 39. g3 f5 40.
Bf8 g6 41. Bh6 Kd5 42. f4 Bb5 43. fxe5 Kxe5 44. Bf4+ Kd5 45. h4 {Game drawn by
mutual agreement} 1/2-1/2

[Event "Team 45 45 League T72"]
[Site "Internet Chess Club"]
[Date "2017.03.31"]
[Round "3"]
[White "uzi"]
[Black "chuckh2"]
[Result "0-1"]
[WhiteElo "1687"]
[BlackElo "1483"]
[Opening "French: Rubinstein variation"]
[ECO "C10"]
[Time "15:08:23"]
[TimeControl "2700+45"]

1. e4 e6 2. d4 d5 3. Nc3 dxe4 4. Nxe4 Nd7 5. Nf3 Ngf6 6. Bd3 Be7 7. O-O O-O 8.
Re1 Rb8 9. Bf4 Nxe4 10. Bxe4 b6 11. c3 Bb7 12. Bxb7 Rxb7 13. Qc2 Nf6 14. Rad1
Bd6 15. Bxd6 cxd6 16. Ng5 h6 17. Nf3 Rc7 18. Qb3 Qd7 19. Qb5 Qxb5 {White
resigns} 0-1

[Event "Team 45 45 League T72"]
[Site "Internet Chess Club"]
[Date "2017.04.03"]
[Round "3"]
[White "bmw2002"]
[Black "Constrictor"]
[Result "1-0"]
[WhiteElo "1512"]
[BlackElo "1548"]
[Opening "English: Anglo-Dutch defense"]
[ECO "A10"]
[Time "20:04:41"]
[TimeControl "2700+45"]

1. c4 f5 2. g3 Nf6 3. Bg2 Nc6 4. Nc3 e5 5. d3 Be7 6. Nf3 O-O 7. a3 d6 8. O-O a6
9. b4 Bd7 10. e3 Nb8 11. Qb3 Bc6 12. b5 Bd7 13. Nd2 c6 14. bxa6 Rxa6 15. Qxb7
Rb6 16. Qa7 Ra6 17. Qb7 Qa5 18. Qb3 Rb6 19. Qa2 Kh8 20. Ne2 e4 21. Nb3 Qa4 22.
Rb1 Ra6 23. Nc3 {Black resigns} 1-0

[Event "Team 45 45 League T72"]
[Site "Internet Chess Club"]
[Date "2017.03.31"]
[Round "3"]
[White "tamky70"]
[Black "BrerRabbit"]
[Result "1/2-1/2"]
[WhiteElo "1336"]
[BlackElo "1368"]
[Opening "Old Indian: Tartakower (Wade) variation"]
[ECO "A41"]
[Time "19:31:00"]
[TimeControl "2700+45"]

1. d4 d6 2. Nf3 Bg4 3. h3 Bxf3 4. exf3 g6 5. Nd2 Bg7 6. c3 Nf6 7. Ne4 O-O 8. Bd3
e6 9. O-O d5 10. Nc5 Qc8 11. Bf4 Nbd7 12. Nb3 c5 13. Bc2 c4 14. Nc1 Nb8 15. Qd2
Nc6 16. Bh6 Re8 17. Bxg7 Kxg7 18. Ba4 a6 19. Bxc6 bxc6 20. b3 c5 21. Ne2 cxb3
22. axb3 c4 23. b4 Qc6 24. Ra5 Re7 25. Rfa1 Rea7 26. f4 Ne8 27. Qe3 Nc7 28. f3
Qd6 29. Qe5+ Qxe5 30. fxe5 Nb5 31. Kf2 h6 32. Rc1 Kf8 33. f4 Kg7 34. Ng3 Kf8 35.
Kf3 Kg7 36. Ne2 Kf8 37. g4 Ke7 38. h4 Rh8 39. Rca1 Rha8 40. Ke3 Kd7 41. Kd2 Kc6
42. Rg1 Rh8 43. Rg3 h5 44. g5 Kb6 45. Rg1 Rc8 46. Rga1 Kb7 47. Ng3 Rc6 48. Nh1
Kb6 49. Nf2 Kb7 50. Nd1 Kb6 51. Nb2 Kb7 52. Na4 Kc8 53. Ke3 Kb8 54. Kd2 Kc8 55.
Nc5 Nc7 56. Kc2 Kd8 57. Kd2 Kc8 58. Na4 Kb7 59. Nc5+ Kc8 60. Kc2 Kd8 61. Na4 Kc8
62. Rc5 Kb7 63. Rxc6 Kxc6 64. Nc5 Ra8 65. Ra5 Ra7 66. Kb2 Ra8 67. Na4 Ra7 68.
Rc5+ Kb7 69. Ra5 Kc6 70. Nc5 Ra8 71. Na4 Ra7 {Game drawn by repetition} 1/2-1/2